 Seeded DCSS version 0.32-a0-172-gc5dd13f2a7 (webtiles) character file.

Game seed: 157123326472067067 (custom seed)

240 timneilson the Changeling (level 6, -7/41 HPs)
             Began as an Octopode Shapeshifter on Feb 12, 2024.
             Mangled by an ogre
             ... wielding a +0 giant club
              (19 damage)
             ... on level 3 of the Dungeon.
             The game lasted 00:02:32 (1674 turns).

timneilson the Changeling (Octopode Shapeshifter)   Turns: 1674, Time: 00:02:32

Health: -7/41      AC:  1    Str: 15    XL:     6   Next: 8%
Magic:  6/6        EV: 13    Int: 13    God:
Gold:   179        SH:  0    Dex: 11    Spells: 5/5 levels left

rFire   . .          .
                       - Unarmed
rCold   . . .        (no shield)
rNeg    + . .        (helmet currently unavailable)
rPois   .            (no amulet)
rElec   .            f - ring of flight
rCorr   .            i - ring of positive energy
SInv    .            (no ring)
Will    .....        (no ring)
Stlth   +++          (no ring)
HPRegen 0.26/turn    (no ring)
MPRegen 0.10/turn    (no ring)
                     (no ring)

%: no passive effects
@: beast-form, flying, studying Shapeshifting
A: beast (slay +2), almost no armour, amphibious, 8 rings, camouflage 1,
gelatinous body 1, (nimble swimmer 1), tentacles
a: Begin Untransformation


You were on level 3 of the Dungeon.
You were a hulking beast.
You visited 1 branch of the dungeon, and saw 3 of its levels.

You collected 179 gold pieces.

Inventory:

Missiles
 k - 3 atropa-tipped darts (quivered)
Jewellery
 f - a ring of flight (left tentacle)
 i - a ring of positive energy (right tentacle)
Talismans
 b - a beast talisman (active)
 c - a flux talisman
Scrolls
 j - a scroll of teleportation
Potions
 a - a potion of lignification
 e - a potion of haste {unknown}
 g - a potion of berserk rage {unknown}
 h - a potion of enlightenment


   Skills:
 * Level 2.6 Fighting
 * Level 3.3 Dodging
 + Level 2.3 Stealth
 * Level 4.1 Unarmed Combat
 * Level 4.6 Shapeshifting


You had 5 spell levels left.
You didn't know any spells.
Your spell library contained the following spells:

 Spells                   Type           Power      Damage    Failure   Level
 Dazzling Flash           Conj/Hex       0%         N/A       67%         3
 Volatile Blastmotes      Fire/Tloc      0%         2d10      67%         3
 Starburst                Conj/Fire      0%         6d3       100%        6
 Maxwell's Capacitive Co  Air            0%         ∞         100%        8


Dungeon Overview and Level Annotations

Branches:
Dungeon (3/15)

Altars:

Shops:
D:1 *


Innate Abilities, Weirdness & Mutations

You are a hulking beast.
Your limbs bulge with bestial killing power. (Slay +2)
You cannot wear most types of armour.
You are amphibious.
You can wear up to eight rings at the same time.
Your skin changes colour to match your surroundings (Stealth+).
Your rubbery body absorbs attacks. (AC +1, EV +1)
((You are camouflaged when in or above water. (Stealth+)))
You have tentacles for arms and can constrict up to eight enemies at once.


Message History

As you read the scroll labelled AGOM KEEKAQORO, it crumbles to dust.
It is a scroll of identify.
h - a potion of enlightenment You see here a rat skeleton.
There is a stone staircase leading down here.
You fly downwards.
There is a stone staircase leading up here.
A ball python comes into view.
The ball python hisses angrily.
The ball python bites you. The ball python grabs you.
The ball python constricts you.
You bludgeon the ball python!
You kill the ball python!
HP restored.
Found a stone staircase leading down.
A giant cockroach comes into view.
The giant cockroach barely misses you.
You tentacle-slap the giant cockroach.
You kill the giant cockroach!
You see here a giant cockroach corpse.
A rat comes into view.
An ogre comes into view. It is wielding a +0 giant club.
You tentacle-slap the ogre.
The ogre is lightly wounded.
The ogre misses you.
You barely miss the ogre.
The ogre is lightly wounded.
The rat squeaks loudly.
The ogre hits you with a +0 giant club!!
Ouch! That really hurt!
* * * LOW HITPOINT WARNING * * *
Throw: 4 darts (atropa)
Press: ? - help, Q - select action Shift-Dir - straight line, f - ogre
Aim: an ogre, wielding a +0 giant club (lightly wounded, 72% to hit, chance to blind on hit: 41%)
You throw an atropa-tipped dart.
The atropa-tipped dart barely misses the ogre.
You barely miss the ogre.
The ogre is lightly wounded.
The ogre hits you with a +0 giant club!!
You die...

.. .. ##.# ... #(.#
... ...#
....#########..#
...........r.#
#.#...#.##O#
#.......##h###.#
#.#...#........#
##†#####.##..# #.#
#... .... #.#
#.##..###
.#.####.####.#......
....>............ ..
.#####..#######.. #
#...# #.#


You could see an ogre and a rat.

Vanquished Creatures
  Sigmund (D:2)
  An adder (D:2)
  3 dart slugs
  A ribbon worm (D:2)
  7 endoplasms
  3 giant cockroaches
  3 goblins (D:2)
  6 hobgoblins
  3 kobolds
  2 quokkas (D:2)
  6 ball pythons
  5 bats
  3 frilled lizards
  5 rats
49 creatures vanquished.

Notes
Turn   | Place    | Note
-------+----------+-------------------------------------------
     0 | D:1      | timneilson the Octopode Shapeshifter began the quest for
                  | the Orb.
     0 | D:1      | Reached XP level 1. HP: 13/13 MP: 1/1
    71 | D:1      | Found Quigh's General Store.
   114 | D:1      | Reached XP level 2. HP: 18/18 MP: 2/2
   391 | D:1      | Reached XP level 3. HP: 22/23 MP: 3/3
   819 | D:2      | Noticed Sigmund
   841 | D:2      | Killed Sigmund
   842 | D:2      | Reached XP level 4. HP: 6/30 MP: 4/4
   842 | D:2      | Reached XP level 5. HP: 7/35 MP: 5/5
  1088 | D:2      | Reached XP level 6. HP: 41/41 MP: 6/6
  1674 | D:3      | Mangled by an ogre

Illustrated notes

Levels and vault maps discovered:
D:1:      lightli_arrival_flooded_house, layout_loops_ring, serial_shops, shop
D:2:      layout_basic, uniq_sigmund
D:3:      layout_loops_ring

Skill      XL: |  1  2  3 |
---------------+----------+-----
Fighting       | 2 |  2.6
Dodging        | 3 |  3.3
Stealth        | 2 |  2.3
Unarmed Combat | 4 |  4.1
Shapeshifting  | 4 |  4.6

Action                     |  1- 3 |  4- 6 || total
---------------------------+-------+-------++-------
  Melee: Unarmed           |    57 |    31 ||    88
         Constrict         |    13 |     6 ||    19
         Tentacles         |     3 |     6 ||     9
         Punch             |       |     1 ||     1
  Throw: Dart              |     3 |     1 ||     4
    Use: Scroll            |     4 |     2 ||     6
   Stab: Sleeping          |     6 |     4 ||    10
 Armour: Skin              |    16 |    11 ||    27
  Dodge: Dodged            |    38 |    10 ||    48

Table legend: (Time is in decaauts)
 A = Elapsed time spent in this place.
 B = Non-inter-level travel time spent in this place.
 C = Inter-level travel time spent in this place.
 D = Time resting spent in this place.
 E = Time spent auto-exploring this place.
 F = Levels seen in this place.
 G = Mean time per level.
                   A        B        C        D        E       F      G
               +--------+--------+--------+--------+--------+-----+--------+
         Total |   1665 |   1621 |     44 |    105 |   1196 |   3 |  555.0 |
       Dungeon |   1665 |   1621 |     44 |    105 |   1196 |   3 |  555.0 |
               +--------+--------+--------+--------+--------+-----+--------+

Top non-repeatable levels by time:
     D:2: 812 daAuts
     D:1: 807 daAuts
     D:3: 45 daAuts
